 Dungeon Crawl Stone Soup version 0.17-a0-2118-g63bad21 (webtiles) character file.

48 4thArraOfDagon the Insei (level 3, 0/34 HPs)
             Began as a Naga Monk on Oct 20, 2015.
             Slain by endege's ghost (1 damage)
             ... on level 4 of the Dungeon.
             The game lasted 00:03:27 (541 turns).

4thArraOfDagon the Insei (Naga Monk)                 Turns: 541, Time: 00:03:28

Health: 0/34       AC:  3    Str: 13    XL:     3   Next: 72%
Magic:  3/3        EV: 10    Int: 11    God:
Gold:   42         SH:  0    Dex: 13    Spells: 0 memorised, 2 levels left

rFire  . . .     SeeInvis +       - Unarmed
rCold  . . .     Clarity  .     a - +0 robe
rNeg   . . .     SustAt   .     (no shield)
rPois  +         Gourm    .     c - +0 helmet
rElec  .         Spirit   .     (no cloak)
rCorr  .         Warding  .     (no gloves)
rMut   .         Stasis   .     (no barding)
MR     .....                    (no amulet)
Stlth  ++........               (no ring)
                                (no ring)

@: drained, very slow, not resistant to hostile enchantments, unstealthy
A: see invisible, deformed body, poison resistance, slowness 2, slow metabolism
1, spit poison 2, AC +1
a: Spit Poison


You were on level 4 of the Dungeon.
You were not hungry.

You visited 1 branch of the dungeon, and saw 5 of its levels.

You collected 42 gold pieces.

Inventory:

Armour
 a - a +0 robe (worn)
 c - a +0 helmet (worn)
Scrolls
 g - 2 scrolls of remove curse
Potions
 j - a potion of flight {unknown}
Comestibles
 b - a bread ration


   Skills:
 + Level 3.4(2.3) Fighting
 + Level 2.8(1.8) Dodging
 - Level 3.0(1.9) Stealth
 * Level 4.6(3.5) Unarmed Combat


You had 2 spell levels left.
You didn't know any spells.

Dungeon Overview and Level Annotations

Branches:
Dungeon (5/15)
 Temple: D:4-7

Altars:
Yredelemnul
The Shining One

Annotations:
D:2 Sigmund
D:3 1 runed door
D:4 endege's ghost, amateur KoAs
D:5 Edmund


Innate Abilities, Weirdness & Mutations

You cannot wear boots.
Your serpentine skin is tough (AC +1).
You have supernaturally acute eyesight.
Armour fits poorly on your strangely shaped body.
Your system is resistant to poisons.
You cover ground very slowly.
You have a slow metabolism.
You can spit poison.


Message History

Unknown command.
Read which item? (? for menu, Esc to quit)
As you read the scroll labeled LYVUOC BONK, it crumbles to dust.
You assume a fearsome visage.
The jackal looks frightened!
The jackal looks frightened!
The giant frog skeleton is unaffected.
The orc looks frightened!
Endege's ghost is unaffected.
It was a scroll of fear.
The giant frog skeleton barely misses you.
Endege's ghost hits you.
* * * LOW HITPOINT WARNING * * *
You feel drained.
The giant frog skeleton closely misses you.
Unknown command.
Read which item? (? for menu, Esc to quit)
As you read the scroll labeled USCHAH DIELER, it crumbles to dust.
The scroll dissolves into smoke.
It was a scroll of fog.
Endege's ghost hits you.
* * * LOW HITPOINT WARNING * * *
You feel drained.
You die...

..... ##....##
......
#..(###..W.##
...... #..#....##
#....### #...##
##hh.## ##...§.##
#.....§Z##
#....§W@§#
#......§§§§...#
#..........o....#
#.(..............
..##.............
###...........
#..........#
#..........#


You could see endege's ghost (inner flame), an orc (inner flame), a jackal
(inner flame) and a giant frog skeleton (inner flame).

Vanquished Creatures
  3 adders
  A ball python (D:2)
  A hobgoblin (D:1)
  7 jackals
  A bat (D:2)
  A giant newt (D:3)
  A goblin (D:2)
  2 kobolds
  2 quokkas
  3 rats
22 creatures vanquished.

Notes
Turn   | Place    | Note
--------------------------------------------------------------
     0 | D:1      | 4thArraOfDagon the Naga Monk began the quest for the Orb.
     0 | D:1      | Reached XP level 1. HP: 21/21 MP: 1/1
    48 | D:2      | Noticed Sigmund
   168 | D:2      | Reached XP level 2. HP: 28/28 MP: 2/2
   211 | D:3      | Found a runed door.
   211 | D:3      | Noticed a human
   217 | D:3      | Found a basalt altar of Yredelemnul.
   286 | D:3      | Reached XP level 3. HP: 34/34 MP: 3/3
   311 | D:3      | Found a glowing golden altar of the Shining One.
   379 | D:4      | centaur barding obviously
   387 | D:4      | shining
   396 | D:5      | Entered Level 5 of the Dungeon
   396 | D:5      | Noticed Edmund
   514 | D:4      | Noticed endege's ghost (amateur KoAs)
   541 | D:4      | HP: 1/34 [endege's ghost (5)]
   541 | D:4      | Slain by endege's ghost

Vault maps used:
D:1:      dpeg_arrival_water_fire
D:2:      wad_crossroads, uniq_terence, uniq_sigmund
D:3:      lemuel_doored_altar, overflow_temple_1_default, dk_yredelemnul_ordeal
D:4:      overflow_temple_1_default, serial_shops, shop
D:5:      gammafunk_temple_overflow_pools, first_bread,
          grunt_dithmenos_smoke_and_mirrors, uniq_menkaure, uniq_edmund

Action                   || total
-------------------------++-------
Melee: Unarmed           ||    19
 Abil: Spit Poison       ||    22
  Use: Scroll            ||     6
       Potion            ||     2
